 Dungeon Crawl Stone Soup version 0.17.1-3-g152610e (webtiles) character file.

113867 Kokonut the Bludgeoner (level 16, -4/149 HPs)
             Began as a Minotaur Berserker on Mar 13, 2016.
             Was the Champion of Trog.
             Drowned by a drowned soul (10 damage)
             ... summoned by a merfolk avatar
             ... on level 3 of the Shoals on Mar 28, 2016.
             The game lasted 02:25:46 (25659 turns).

Kokonut the Bludgeoner (Minotaur Berserker)        Turns: 25659, Time: 02:25:46

Health: -4/149     AC: 19    Str: 28    XL:     16   Next: 15%
Magic:  15/15      EV: 21    Int:  5    God:    Trog [******]
Gold:   3327       SH:  6    Dex: 17    Spells: 0 memorised, 15 levels left

rFire  + . .     SeeInvis .     T - +3 hand crossbow (flame)
rCold  . . .     Clarity  .     B - +3 ring mail {rF+}
rNeg   + . .     SustAt   .     A - +0 buckler
rPois  .         Gourm    .     x - +2 hat
rElec  .         Spirit   .     X - +2 cloak
rCorr  .         Warding  .     Q - +1 pair of gloves "Epnis" {rN+ MR+ Str+4}
rMut   .         Stasis   .     (no boots)
MR     +++++                    L - amulet of regeneration
Stlth  +.........               K - ring of protection from magic
                                f - +3 ring of dexterity

@: lethally poisoned (-4 -> -4), mesmerised, regenerating, almost entirely
resistant to hostile enchantments, very unstealthy
A: retaliatory headbutt, horns 2
a: Berserk, Trog's Hand, Brothers in Arms, Burn Spellbooks, Renounce Religion


You were on level 3 of the Shoals.
You worshipped Trog.
Trog was exalted by your worship.
You were hungry.

You visited 7 branches of the dungeon, and saw 33 of its levels.
You also visited: Sewer, Bailey and Volcano.

You collected 3516 gold pieces.
You spent 189 gold pieces at shops.

Inventory:

Hand Weapons
 r - the +5 demon whip "Lusol" {vamp, +Rage +Fly Str+9 Int-4}
   (Trog gifted it to you in a bailey)

   It inflicts no extra harm, but heals its wielder somewhat when it strikes a
   living foe.
   It affects your strength (+9).
   It affects your intelligence (-4).
   It lets you fly.
   It lets you go berserk.
 y - the +15 heavy crossbow "Sniper" {velocity, SInv}
   (Trog gifted it to you on level 2 of the Orcish Mines)

   Any bolt fired from it inflicts extra damage.
   It lets you see invisible.
 M - a +1 eveningstar of holy wrath
 T - a +3 hand crossbow of flaming (weapon)
 V - a +10 triple crossbow
Missiles
 e - 115 bolts (quivered)
 H - 21 silver bolts
 J - 12 steel bolts
Armour
 x - a +2 hat (worn)
 A - a +0 buckler (worn)
 B - a +3 ring mail of fire resistance (worn)
 I - a +4 scale mail of poison resistance
 Q - the +1 pair of gloves "Epnis" (worn) {rN+ MR+ Str+4}
   (You found it on level 12 of the Dungeon)

   It affects your strength (+4).
   It protects you from negative energy.
   It affects your resistance to hostile enchantments.
 X - a +2 cloak (worn)
Jewellery
 f - a +3 ring of dexterity (left hand)
 D - an uncursed amulet of guardian spirit
 G - an uncursed amulet of clarity
 K - a ring of protection from magic (right hand)
 L - an amulet of regeneration (around neck)
 Z - an uncursed ring of protection from cold
Wands
 a - a wand of invisibility (4)
 s - a wand of digging (13)
Scrolls
 d - 3 scrolls of recharging
 g - a scroll of acquirement
 h - 8 scrolls of enchant weapon
 i - 3 scrolls of fear
 j - 4 scrolls of magic mapping
 k - 4 scrolls of blinking
 n - 5 scrolls of fog
 t - 14 scrolls of teleportation
 v - 3 scrolls of identify
 E - 4 scrolls of remove curse
 F - 4 scrolls of enchant armour
 O - a scroll of vulnerability
Potions
 l - 14 potions of curing
 m - 2 potions of mutation {unknown}
 o - 4 potions of flight {unknown}
 p - 2 potions of heal wounds
 q - 4 potions of agility {unknown}
 u - 7 potions of might
 w - a potion of invisibility
 C - a potion of poison {unknown}
 N - a potion of magic {unknown}
 P - 5 potions of degeneration {unknown}
 R - 3 potions of berserk rage {unknown}
 U - 2 potions of haste {unknown}
 W - 3 potions of lignification {unknown}
 Y - a potion of resistance
Miscellaneous
 S - a legendary deck of changes
Comestibles
 b - 5 meat rations
 c - 15 bread rations
 z - a chunk of flesh


   Skills:
 + Level 15.3 Fighting
 + Level 16.5 Maces & Flails
 * Level 13.5 Crossbows
 + Level 14.7 Armour
 + Level 13.9 Dodging
 - Level 5.4 Shields


You had 15 spell levels left.
You didn't know any spells.

Dungeon Overview and Level Annotations

Branches:
Dungeon (15/15) Temple (1/1) D:5 Lair (8/8) D:11 Shoals (3/4) Lair:5 Spider (1/4) Lair:5 Orc (4/4) D:11 Elf (1/3) Orc:4 Vaults (0/5) D:12 D:13 Depths (0/5) D:15 Slime: Lair:6-8

Altars:
Dithmenos
Elyvilon
Gozag
Kikubaaqudgha
Nemelex Xobeh
Ru
Sif Muna
Vehumet
Xom
The Shining One
Beogh

Shops:
D:14 *   D:15 [   Orc:1 (   Orc:4 }}(?   Shoals:2 ?

Annotations:
Lair:3 exclusion: 3 oklob plants
Shoals:1 exclusion: Roxanne, Roxanne


Innate Abilities, Weirdness & Mutations

You reflexively headbutt those who attack you in melee.
You have a pair of horns on your head.


Message History

* * * LOW HITPOINT WARNING * * *
The drowned soul drowns you!
* * * LOW HITPOINT WARNING * * *
The merfolk avatar chants its luring song.
The drowned soul touches you. The drowned soul drowns you!
* * * LOW HITPOINT WARNING * * *
Firing (i - inventory. (,) - cycle):
e - 116 bolts (quivered)
Press: ? - help, Shift-Dir - straight line, f/p - merfolk avatar
Aim: a merfolk avatar (water, heavily wounded, mesmerising)
You shoot a bolt. The bolt hits the merfolk avatar!!
The bolt burns the merfolk avatar!
The merfolk avatar is almost dead.
You hear a splash.
You feel sick.
The pull of its song draws you forwards.
You block the drowned soul's attack. The drowned soul touches you.
The drowned soul drowns you!
* * * LOW HITPOINT WARNING * * *
The drowned soul touches you. The drowned soul drowns you!
You die...

≈≈≈..####....≈[≈≈≈≈≈≈≈≈
≈≈≈..# ##.....≈≈≈≈≈≈≈≈≈
≈≈..## ##..##.≈≈≈≈≈≈≈≈≈
≈≈..# #..###.≈≈≈≈≈≈≈≈≈
≈≈.## #..###.≈≈≈≈≈≈≈≈≈
≈≈.# #...#..≈≈≈≈≈≈≈≈≈
≈≈.## ####.#†.≈≈≈≈≈≈≈≈
≈≈..# #...)≈≈≈≈≈≈≈≈
≈≈≈.# ##.##(@≈≈≈≈≈..
≈≈≈.# ##....(≈≈m≈≈...
≈≈≈.# #.≈≈≈≈W≈≈≈≈≈...
≈≈≈.## ##.≈≈≈≈≈≈≈≈≈..(≈
≈≈≈≈.# #.≈≈≈≈≈≈≈≈≈≈≈≈[≈
≈≈≈≈.# ##≈≈≈≈≈≈≈≈≈≈≈≈≈≈≈
≈≈≈≈.###.≈≈≈≈≈≈≈≈≈≈≈≈≈≈≈
≈≈≈≈≈.†....≈≈≈≈≈≈≈≈≈≈≈≈≈
≈≈≈≈≈≈.####.≈≈≈≈≈≈≈≈≈≈≈


You could see a merfolk avatar and a drowned soul.

Vanquished Creatures
  Donald (Orc:3)
  A juggernaut zombie (D:15)
  A caustic shrike skeleton (D:15)
  2 merfolk javelineers
  3 merfolk impalers
  Fannar (D:11)
  3 hydras
  Harold (Orc:3)
  3 ogre magi
  A merfolk aquamancer (Shoals:1)
  An alligator snapping turtle (Shoals:3)
  A merfolk avatar (Shoals:2)
  4 centaur warriors
  Urug (D:10)
  Sonja (D:10)
  Nergalle (D:11)
  3 skeletal warriors
  2 unseen horrors
  4 sea snakes
  2 orc knights
  A flayed ghost (D:15)
  Pikel (D:8)
  4 harpies (Shoals:2)
  6 hill giants
  A hornet (shapeshifter) (D:15)
  9 manticores
  8 orc sorcerers (Orc:4)
  A necromancer (D:15)
  4 cyclopes
  5 elephants (Lair:4)
  A griffon (Shoals:3)
  15 ugly things
  A frost giant zombie (D:15)
  An oklob plant (D:11)
  2 sphinx skeletons (Volcano)
  2 guardian serpents (D:12)
  7 sirens
  A water nymph (Shoals:3)
  8 fauns
  4 black mambas
  Joseph (D:8)
  A gargoyle (D:15)
  6 centaur skeletons
  11 spiny frogs
  2 efreet (D:15)
  A freezing wraith (D:12)
  5 kobold demonologists
  6 komodo dragons
  2 wind drakes (Shoals:2)
  A guardian mummy (Volcano)
  5 two-headed ogres
  6 trolls
  2 polar bears
  8 merfolk
  A queen bee (Lair:1)
  Grinder (D:6)
  6 snapping turtles
  17 blink frogs
  A minotaur skeleton (Volcano)
  2 trapdoor spiders
  A slime creature (D:15)
  2 boulder beetles
  2 flying skulls (Volcano)
  2 shadows
  7 water elementals
  A centaur simulacrum (D:15)
  2 vampires
  A wraith (D:14)
  6 hungry ghosts
  8 vampire mosquitoes
  3 wyverns
  40 yaks
  12 hippogriffs
  A steam dragon (D:9)
  2 deep elf magi
  A golden eye (shapeshifter) (D:15)
  16 humans
  2 basilisks
  16 water moccasins
  10 porcupines
  A soldier ant (D:12)
  21 orc warriors
  2 wargs
  8 wolves
  Duvessa (D:7)
  5 ice beasts
  19 ogres
  3 wasps (D:15)
  2 sky beasts
  3 black bears
  2 manticore skeletons (Volcano)
  30 centaurs
  13 big kobolds
  10 crocodiles
  17 giant frogs
  9 gnoll sergeants
  A wyvern skeleton (D:14)
  A wyvern zombie (D:13)
  10 scorpions
  Dowan (D:7)
  A tengu zombie (D:15)
  9 wights
  23 killer bees
  2 troll skeletons (Volcano)
  5 crimson imps
  3 centaur zombies
  30 orc priests
  7 electric eels
  A giant frog zombie (D:12)
  4 jellies
  Crazy Yiuf (D:2)
  6 gnoll shamans (Bailey)
  9 hounds
  2 giant frog skeletons
  33 orc wizards
  11 iguanas
  A killer bee zombie (D:10)
  7 worker ants
  42 sheep
  3 ogre skeletons (Volcano)
  A naga skeleton (Volcano)
  2 hound zombies
  4 mummies (Volcano)
  Robin (D:2)
  23 gnolls
  63 river rats
  10 adders
  3 shadow imps
  3 oozes
  2 adder skeletons
  2 worms (D:5)
  6 giant geckos
  151 orcs
  11 giant cockroaches
  18 goblins
  10 hobgoblins
  18 jackals
  38 kobolds
  6 quokkas
  5 ball pythons
  7 bats
  6 giant newts
  3 jackal skeletons (D:5)
  A quokka skeleton (D:4)
  7 rats
  A plant (D:11)
1100 creatures vanquished.

Vanquished Creatures (collateral kills)
  An ogre mage (D:15)
  An orc sorcerer (D:15)
  A centaur zombie (D:15)
  A troll (D:15)
  A two-headed ogre (shapeshifter) (D:15)
  A wyvern (D:15)
  An orc warrior (D:15)
  A giant frog (D:15)
  4 wights (D:11)
  A killer bee (Lair:1)
  An orc priest (D:15)
  An orc wizard (D:15)
  An orc (D:15)
16 creatures vanquished.

Vanquished Creatures (others)
  2 orc wizards (Orc:4)
  5 orcs
  2 kobolds (D:12)
  2 fungi
  15 plants
26 creatures vanquished.

Grand Total: 1142 creatures vanquished

Notes
Turn   | Place    | Note
--------------------------------------------------------------
     0 | D:1      | Kokonut the Minotaur Berserker began the quest for the Orb.
     0 | D:1      | Reached XP level 1. HP: 19/19 MP: 0/0
   161 | D:1      | Reached skill level 4 in Maces & Flails
   210 | D:1      | Reached XP level 2. HP: 26/26 MP: 1/1
   424 | D:1      | You fall through a shaft!
   435 | D:2      | Reached ** piety under Trog
   435 | D:2      | Reached skill level 5 in Maces & Flails
   832 | D:2      | Reached XP level 3. HP: 28/31 MP: 2/2
  1231 | D:3      | Found a glowing drain.
  1282 | Sewer    | Entered a sewer
  1298 | Sewer    | Reached XP level 4. HP: 39/39 MP: 3/3
  1300 | Sewer    | Noticed a big kobold
  1300 | Sewer    | Noticed a big kobold
  1306 | Sewer    | Killed a big kobold
  1306 | Sewer    | Reached skill level 6 in Maces & Flails
  1306 | Sewer    | Reached XP level 5. HP: 42/45 MP: 4/4
  1309 | Sewer    | Killed a big kobold
  1309 | Sewer    | Reached skill level 7 in Maces & Flails
  1485 | Sewer    | Reached *** piety under Trog
  1710 | D:4      | Reached skill level 8 in Maces & Flails
  1847 | D:4      | Reached XP level 6. HP: 52/52 MP: 5/5
  2111 | D:2      | Noticed Crazy Yiuf
  2115 | D:2      | Killed Crazy Yiuf
  2304 | D:2      | Noticed Robin
  2311 | D:2      | Killed Robin
  2527 | D:2      | Reached **** piety under Trog
  2749 | D:5      | Entered Level 5 of the Dungeon
  3018 | D:4      | Reached XP level 7. HP: 57/60 MP: 6/6
  3401 | D:5      | Found a shimmering altar of Xom.
  3410 | D:5      | Reached skill level 5 in Fighting
  3573 | D:5      | Found a shadowy altar of Dithmenos.
  3673 | D:5      | Found a sacrificial altar of Ru.
  3720 | D:5      | Found a staircase to the Ecumenical Temple.
  3726 | Temple   | Entered the Ecumenical Temple
  4074 | D:6      | Reached skill level 1 in Shields
  4216 | D:6      | Reached XP level 8. HP: 42/70 MP: 7/7
  4329 | D:6      | Reached skill level 5 in Shields
  4450 | D:6      | Noticed Grinder
  4472 | D:6      | Killed Grinder
  4472 | D:6      | Reached skill level 9 in Maces & Flails
  4650 | D:6      | Found a white marble altar of Elyvilon.
  4809 | D:7      | Noticed a two-headed ogre
  4815 | D:7      | Killed a two-headed ogre
  5034 | D:7      | Reached skill level 5 in Dodging
  5034 | D:7      | Reached XP level 9. HP: 67/79 MP: 8/8
  5301 | D:7      | Noticed Dowan
  5302 | D:7      | Noticed Duvessa
  5331 | D:7      | Killed Dowan
  5331 | D:7      | Reached skill level 5 in Armour
  5474 | D:7      | Killed Duvessa
  5474 | D:7      | Reached skill level 10 in Maces & Flails
  5478 | D:7      | Reached ***** piety under Trog
  5491 | D:7      | HP: 3/81 [iguana (13)]
  6103 | D:10     | Entered Level 10 of the Dungeon
  6386 | D:8      | Noticed Joseph
  6396 | D:8      | Killed Joseph
  6533 | D:8      | Noticed Pikel
  6541 | D:8      | Killed Pikel
  6541 | D:8      | Reached XP level 10. HP: 88/91 MP: 9/9
  6602 | D:8      | Received a gift from Trog
  6648 | D:8      | Noticed a centaur warrior
  6657 | D:8      | Killed a centaur warrior
  6657 | D:8      | Reached skill level 11 in Maces & Flails
  6795 | D:8      | Got a smoking arbalest
  6795 | D:8      | Got a faintly glowing leather armour
  6808 | D:8      | Identified the cursed +1 leather armour of Rotation {Int+6} (You took it off a gnoll on level 8 of the Dungeon)
  6827 | D:8      | Identified the cursed +3 arbalest of Hacking and Slashing {venom, Int+3} (You took it off a gnoll sergeant on level 8 of the Dungeon)
  6936 | D:8      | Found a shimmering altar of Xom.
  7023 | D:10     | Reached skill level 10 in Fighting
  7166 | D:9      | Found a sparkling altar of Nemelex Xobeh.
  7167 | D:9      | Found an opulent altar of Gozag.
  7332 | D:9      | Found a sacrificial altar of Ru.
  7526 | D:10     | Noticed Sonja
  7650 | D:10     | Noticed a centaur skeleton
  7657 | D:10     | Killed a centaur skeleton
  7657 | D:10     | Reached XP level 11. HP: 85/101 MP: 10/10
  7720 | D:10     | Noticed Urug
  7731 | D:10     | Killed Urug
  7731 | D:10     | Reached skill level 12 in Maces & Flails
  7799 | D:10     | Noticed a centaur skeleton
  7807 | D:10     | Killed a centaur skeleton
  8025 | D:10     | Killed Sonja
  8105 | D:9      | Found a deep blue altar of Sif Muna.
  8105 | D:9      | Found a radiant altar of Vehumet.
  8105 | D:9      | Found a glowing golden altar of the Shining One.
  8213 | D:11     | Noticed an oklob plant
  8660 | D:11     | Found a staircase to the Orcish Mines.
  8681 | D:11     | Found a staircase to the Orcish Mines.
  8690 | Orc:1    | Entered Level 1 of the Orcish Mines
  8701 | D:11     | Noticed Fannar
  8719 | D:11     | Killed Fannar
  8901 | D:11     | Reached skill level 10 in Armour
  8912 | D:12     | Noticed a hill giant
  8918 | D:12     | Killed a hill giant
  8937 | D:11     | Noticed a white ugly thing
  8945 | D:11     | Killed a white ugly thing
  9171 | D:11     | Reached skill level 10 in Dodging
  9395 | D:13     | Found a gate to the Vaults.
  9395 | D:13     | Noticed a hill giant
  9395 | D:13     | Noticed a skeletal warrior
  9452 | D:11     | Found a staircase to the Lair.
  9688 | D:11     | Noticed Nergalle
  9721 | D:11     | Noticed a spectral orc warlord
  9727 | D:11     | Killed Nergalle
  9727 | D:11     | Reached skill level 13 in Maces & Flails
  9864 | D:11     | Reached XP level 12. HP: 108/112 MP: 11/11
  9869 | D:11     | Received a gift from Trog
  9968 | D:11     | Killed an oklob plant
 10010 | Lair:1   | Entered Level 1 of the Lair of Beasts
 10217 | Lair:1   | Noticed a six-headed hydra
 10226 | Lair:1   | Killed a six-headed hydra
 10302 | Lair:1   | Received a gift from Trog
 10325 | Lair:1   | Reached ****** piety under Trog
 12572 | Lair:3   | Reached skill level 14 in Maces & Flails
 12621 | Lair:4   | Received a gift from Trog
 13149 | Lair:4   | Reached XP level 13. HP: 122/122 MP: 12/12
 13552 | Lair:5   | Found a staircase to the Shoals.
 13692 | Lair:5   | Found a hole to the Spider Nest.
 13710 | Spider:1 | Entered Level 1 of the Spider Nest
 14156 | Shoals:1 | Entered Level 1 of the Shoals
 14617 | Lair:6   | Received a gift from Trog
 15095 | Lair:8   | Entered Level 8 of the Lair of Beasts
 15226 | Lair:7   | Reached skill level 15 in Maces & Flails
 16079 | Orc:2    | Received a gift from Trog
 16126 | Orc:2    | Found a roughly hewn altar of Beogh.
 16204 | Orc:2    | Found a flagged portal.
 16214 | Bailey   | Entered a bailey
 16463 | Bailey   | Received a gift from Trog
 16478 | Bailey   | Got a slimy demon whip {god gift}
 16651 | Orc:2    | Lost intelligence.
 16651 | Orc:2    | Identified the +5 demon whip "Lusol" {vamp, +Rage +Fly Str+9 Int-4} (Trog gifted it to you in a bailey)
 16962 | Orc:3    | Found a dark tunnel.
 16969 | Volcano  | Entered a volcano
 17461 | Orc:3    | Noticed Donald
 17479 | Orc:3    | Killed Donald
 17479 | Orc:3    | Reached XP level 14. HP: 93/132 MP: 13/13
 17572 | Orc:4    | Entered Level 4 of the Orcish Mines
 17617 | Orc:1    | Found Ataheot's Weapon Boutique.
 18343 | Orc:3    | Noticed Harold
 18344 | Orc:3    | Received a gift from Trog
 18345 | Orc:3    | Got a crystal great mace {god gift}
 18368 | Orc:3    | Killed Harold
 18825 | Orc:4    | Found a staircase to the Elven Halls.
 18950 | Elf:1    | Entered Level 1 of the Elven Halls
 19255 | Orc:4    | Received a gift from Trog
 19258 | Orc:4    | Paralysed by an orc sorcerer for 6 turns
 19282 | Orc:4    | Found Conoo's Magic Scroll Emporium.
 19307 | Orc:4    | Bought a scroll of identify for 28 gold pieces
 19307 | Orc:4    | Bought a scroll of identify for 28 gold pieces
 19307 | Orc:4    | Bought a scroll of identify for 28 gold pieces
 19307 | Orc:4    | Bought a scroll of enchant armour for 105 gold pieces
 19329 | Orc:4    | Found an ancient bone altar of Kikubaaqudgha.
 19402 | Orc:4    | Found Myoth's Antique Weapon Emporium.
 19448 | Orc:4    | Found a roughly hewn altar of Beogh.
 19448 | Orc:4    | Found Kegrosepn's Gadget Emporium.
 19448 | Orc:4    | Found Rerusem's Gadget Shoppe.
 19452 | Orc:4    | Found a radiant altar of Vehumet.
 19888 | Orc:3    | Received a gift from Trog
 19997 | D:12     | Reached skill level 1 in Crossbows
 20009 | D:12     | Noticed a hill giant
 20015 | D:12     | Killed a hill giant
 20036 | D:12     | Got a pair of scorched gloves
 20047 | D:12     | Identified the +1 pair of gloves "Epnis" {rN+ MR+ Str+4} (You found it on level 12 of the Dungeon)
 20165 | D:12     | Reached skill level 16 in Maces & Flails
 20483 | D:12     | Reached skill level 5 in Crossbows
 20606 | D:12     | Killed a skeletal warrior
 20615 | D:12     | Killed a hill giant
 20785 | D:13     | Received a gift from Trog
 20855 | D:15     | Entered Level 15 of the Dungeon
 21169 | D:13     | Killed an unseen horror
 21565 | D:13     | Noticed a hill giant
 21584 | D:13     | Killed a hill giant
 21759 | D:14     | Found Ephuxu's General Store.
 21794 | D:14     | Reached skill level 10 in Crossbows
 21950 | D:15     | Reached XP level 15. HP: 136/139 MP: 14/14
 22407 | D:15     | Received a gift from Trog
 22748 | D:15     | Received a gift from Trog
 23036 | D:15     | Noticed a juggernaut zombie
 23057 | D:15     | Killed a juggernaut zombie
 23090 | D:15     | Found a staircase to the Depths.
 23182 | D:15     | Paralysed by a wasp for 1 turns
 23396 | D:15     | Found Ofoe's Specialty Armours.
 23811 | Shoals:1 | Noticed Roxanne
 23902 | Shoals:1 | Received a gift from Trog
 24431 | Shoals:2 | Reached skill level 15 in Fighting
 24737 | Shoals:2 | Reached XP level 16. HP: 60/149 MP: 15/15
 25117 | Shoals:2 | Found Sanuny's Magic Scroll Boutique.
 25345 | Shoals:2 | Identified a scroll of acquirement
 25431 | Shoals:3 | Received a gift from Trog
 25659 | Shoals:3 | HP: 6/149 [drowned by a drowned soul[a merfolk avatar] (13)]
 25659 | Shoals:3 | Drowned by a drowned soul

Action                   |  1- 3 |  4- 6 |  7- 9 | 10-12 | 13-15 | 16-18 || total
-------------------------+-------+-------+-------+-------+-------+-------++-------
Melee: Mace              |    69 |       |       |       |       |       ||    69
       Flail             |    13 |   105 |   301 |    83 |    73 |       ||   575
       Morningstar       |       |       |       |   696 |   551 |       ||  1247
       Demon whip        |       |       |       |       |     1 |     6 ||     7
       Eveningstar       |       |       |       |       |  1018 |    99 ||  1117
 Fire: Arbalest          |       |       |       |    26 |       |       ||    26
       Hand crossbow     |       |       |       |       |    12 |    13 ||    25
Invok: Berserk           |       |     5 |     7 |    13 |    18 |     1 ||    44
       Burn Spellbooks   |       |     1 |     3 |     2 |     3 |       ||     9
       Trog's Hand       |       |       |     2 |     1 |       |     2 ||     5
       Brothers in Arms  |       |       |       |     4 |     3 |       ||     7
  Use: Scroll            |       |       |     1 |    12 |    12 |     2 ||    27
       Potion            |       |       |       |       |       |     3 ||     3
 Stab: Sleeping          |     1 |     1 |       |       |       |       ||     2
       Distracted        |       |       |       |       |     1 |       ||     1
  Eat: Chunk             |     1 |    10 |     8 |    41 |    62 |     3 ||   125
       Bread ration      |       |       |     2 |       |       |       ||     2
       Meat ration       |       |       |     1 |       |       |       ||     1
       Pizza             |       |       |       |     1 |     1 |       ||     2
       Royal jelly       |       |       |       |       |     3 |     3 ||     6
       Fruit             |       |       |       |       |     4 |       ||     4
       Beef jerky        |       |       |       |       |       |     1 ||     1
